 Dungeon Crawl Stone Soup version 0.30-a0-782-ge64f9170bb (console) character file.

Game seed: 8358549265124458745

3649 rlgrobin the Nimble (level 9, -1/49 HPs)
             Began as a Deep Elf Delver on Feb 19, 2023.
             Was a Follower of Dithmenos.
             Slain by a two-headed ogre
             ... wielding a +0 giant spiked club
              (24 damage)
             ... on level 9 of the Dungeon.
             The game lasted 00:22:00 (7359 turns).

rlgrobin the Nimble (Deep Elf Delver)               Turns: 7359, Time: 00:22:01

Health: -1/49      AC:  7    Str: 15    XL:     9   Next: 88%
Magic:  10/21      EV: 16    Int: 20    God:    Dithmenos [*.....]
Gold:   426        SH:  5    Dex: 16    Spells: 17/22 levels left

rFire   . . .      SeeInvis .    a - +5 rapier {freeze, Stlth+}
rCold   . . .      Faith    .    (no shield)
rNeg    . . .      Spirit   .    b - +0 leather armour
rPois   .          Reflect  +    u - +0 helmet
rElec   .          Harm     .    F - scarf {repulsion}
rCorr   .          Rampage  .    j - +0 pair of gloves
Will    .....                    w - +1 pair of boots
Stlth   +++++                    x - amulet of reflection
HPRegen 0.28/turn                B - +6 ring of strength
MPRegen 0.17/turn                D - ring of flight

@: flying, wreathed by umbra, repel missiles
A: no striking features
a: Renounce Religion


You were on level 9 of the Dungeon.
You worshipped Dithmenos.
Dithmenos was aware of your devotion.
You visited 2 branches of the dungeon, and saw 10 of its levels.
You also visited: Sewer.

You collected 468 gold pieces.
You spent 42 gold pieces at shops.

Inventory:

Hand Weapons
 a - the +5 rapier of Compulsion (weapon) {freeze, Stlth+}
   (You found it on level 4 of the Dungeon)

   Stlth:     It makes you more stealthy.
 v - the +12 rapier of Larphy {heavy, rElec}
   (You found it in a sewer)

   rElec:     It insulates you from electricity.
Missiles
 y - a curare-tipped dart (quivered)
Armour
 b - a +0 leather armour (worn)
 j - a +0 pair of gloves (worn)
 u - a +0 helmet (worn)
 w - a +1 pair of boots (worn)
 F - a scarf of repulsion (worn)
Jewellery
 x - an amulet of reflection (around neck)
 z - a ring of ice
 B - a +6 ring of strength (left hand)
 D - a ring of flight (right hand)
Wands
 g - a wand of digging (6)
 i - a wand of paralysis (17)
 s - a wand of flame (21)
 E - a wand of quicksilver (8)
Scrolls
 c - 2 scrolls of fog
 d - 2 scrolls of magic mapping
 e - 2 scrolls of fear
 h - a scroll of vulnerability
 l - 2 scrolls of identify
 r - 2 scrolls of immolation
 t - 4 scrolls of teleportation
Potions
 f - 4 potions of haste
 k - 3 potions of flight
 m - 3 potions of ambrosia
 n - a potion of invisibility
 o - 3 potions of might
 p - a potion of brilliance
 q - 3 potions of lignification
 A - 3 potions of curing
 C - a potion of mutation


   Skills:
 - Level 2.4 Fighting
 + Level 7.5 Short Blades
 - Level 8.7 Dodging
 + Level 6.7 Stealth
 - Level 7.2 Spellcasting
 - Level 3.7 Conjurations
 - Level 5.4 Air Magic
 - Level 4.3 Poison Magic


You had 17 spell levels left.
You knew the following spells:

 Your Spells              Type           Power      Damage    Failure   Level
a - Poisonous Vapours     Pois/Air       52%        N/A       2%          2
b - Mephitic Cloud        Conj/Pois/Air  25%        N/A       5%          3

Your spell library contained the following spells:

 Spells                   Type           Power      Damage    Failure   Level
 Cigotuvi's Dreadful Rot  Necr/Pois/Air  40%        N/A       4%          2
 Beastly Appendage        Tmut           14%        N/A       12%         1
 Spider Form              Tmut/Pois      15%        N/A       14%         3
 Wereblood                Tmut           7%         N/A       17%         2
 Summon Ice Beast         Ice/Summ       7%         N/A       75%         4
 Starburst                Conj/Fire      7%         6d4       100%        6
 Malign Gateway           Summ/Tloc      3%         N/A       100%        7


Dungeon Overview and Level Annotations

Branches:
Dungeon (9/15)             Temple (1/1) D:6           Sewer (visited)
   Lair: D:8-11         Orc: D:9-12

Altars:
Ashenzari
Cheibriados
Dithmenos
Elyvilon
Fedhas
Gozag
Hepliaklqana
Kikubaaqudgha
Makhleb
Nemelex Xobeh
Okawaru
Qazlal
Ru
Sif Muna
Trog
Uskayaw
Vehumet
Wu Jian
Xom
Yredelemnul
Zin
The Shining One

Shops:
D:2 ?   D:5 ![

Annotations:
D:8 4 runed translucent doors


Message History

Found a stone staircase leading up.
There is a stone staircase leading up here.
The two-headed ogre shouts in stereo!
You see here an orange potion.
Casting: Mephitic Cloud (dangerous; 5% risk of failure)
Confirm with . or Enter, or press ? or * to list all spells.
Aiming: Mephitic Cloud (dangerous; 5% risk of failure)
Press: ? - help, Shift-Dir - straight line, f - two-headed ogre
Aim: a two-headed ogre, wielding two +0 giant spiked clubs (umbra, chance to affect: 53%)
The ball explodes into a vile cloud!
The two-headed ogre closely misses you.
The two-headed ogre hits you with a +0 giant spiked club!!
Ouch! That really hurt!
As you read the scroll of fear, it crumbles to dust.
You assume a fearsome visage.
The two-headed ogre looks frightened!
Casting: Mephitic Cloud (dangerous; 5% risk of failure)
Confirm with . or Enter, or press ? or * to list all spells.
Aiming: Mephitic Cloud (dangerous; 5% risk of failure)
Press: ? - help, Shift-Dir - straight line, f - two-headed ogre
Aim: a two-headed ogre, wielding two +0 giant spiked clubs (fleeing, chance to affect: 53%)
The ball explodes into a vile cloud!
The stinking cloud engulfs the two-headed ogre but does no damage.
Your attack snaps the two-headed ogre out of its fear.
The two-headed ogre is engulfed in noxious fumes.
Casting: Mephitic Cloud (dangerous; 5% risk of failure)
Confirm with . or Enter, or press ? or * to list all spells.
Aiming: Mephitic Cloud (dangerous; 5% risk of failure)
Press: ? - help, Shift-Dir - straight line, f/p - two-headed ogre
Aim: a two-headed ogre, wielding two +0 giant spiked clubs (umbra, chance to affect: 53%)
The ball explodes into a vile cloud!
The stinking cloud engulfs the two-headed ogre but does no damage.
The two-headed ogre is engulfed in noxious fumes.
The two-headed ogre is engulfed in noxious fumes.
Casting: Mephitic Cloud (dangerous; 5% risk of failure)
Confirm with . or Enter, or press ? or * to list all spells.
Aiming: Mephitic Cloud (dangerous; 5% risk of failure)
Press: ? - help, Shift-Dir - straight line, p - two-headed ogre The ball explodes into a vile cloud!
The stinking cloud engulfs the two-headed ogre but does no damage.
The two-headed ogre hits you with a +0 giant spiked club!!
You die...

#######
####..(.. #.
.$..# #
#.##°#.###.#
#.#.!°......
#..○☼○..##.#
#..○.☼..##.#
#.#.O☼☼....#
#.##@##.####
#. #.# .# #.
..< #
####.## #.#
#.# #.# #.#


You could see a two-headed ogre.

Vanquished Creatures
  A hornet (D:7)
  Grinder (D:4)
  Sigmund (D:2)
  5 yaks
  A wyvern (D:7)
  An acid dragon (D:7)
  2 water moccasins
  Duvessa (D:4)
  An ice beast (D:6)
  2 black bears
  An ogre (D:6)
  2 centaurs (D:8)
  2 phantoms
  A kobold brigand (D:8)
  A bullfrog (D:6)
  2 scorpions (D:7)
  4 wights (D:8)
  Dowan (D:4)
  3 hounds
  An orc priest (D:3)
  3 jellies
  Ijyb (D:4)
  An iguana (D:6)
  4 orc wizards
  Robin (D:4)
  A gnoll (D:1)
  10 adders
  A shadow imp (D:7)
  3 white imps
  4 ufetubi
  2 worms
  2 dart slugs
  14 orcs
  9 ball pythons
  5 bats
  7 endoplasms
  5 giant cockroaches
  10 goblins
  10 hobgoblins
  4 jackals (D:4)
  7 quokkas
  3 frilled lizards
  8 kobolds
  6 rats
  A spectral hobgoblin (D:6)
156 creatures vanquished.

Notes
Turn   | Place    | Note
-------+----------+-------------------------------------------
     0 | D:5      | rlgrobin the Deep Elf Delver began the quest for the Orb.
     0 | D:5      | Reached XP level 1. HP: 13/13 MP: 3/3
    47 | D:4      | Noticed Ijyb
   183 | D:4      | Identified the +5 rapier of Compulsion {freeze, Stlth+}
   281 | D:1      | Reached XP level 2. HP: 17/18 MP: 4/4
   453 | D:1      | Reached XP level 3. HP: 22/22 MP: 5/5
   458 | D:1      | Learned a level 2 spell: Poisonous Vapours
   587 | D:1      | Found a faded altar of an unknown god.
   789 | D:2      | Reached skill level 1 in Spellcasting
   944 | D:2      | Found Safetu's Magic Scroll Emporium.
   954 | D:2      | Bought a scroll of teleportation for 42 gold pieces
  1135 | D:2      | Reached skill level 1 in Poison Magic
  1153 | D:2      | Found a white marble altar of Elyvilon.
  1265 | D:2      | Noticed Sigmund
  1625 | D:3      | Reached skill level 1 in Air Magic
  1716 | D:3      | Reached XP level 4. HP: 27/27 MP: 8/8
  2230 | D:4      | Noticed Robin
  2234 | D:4      | Found a white marble altar of Elyvilon.
  2284 | D:4      | Killed Robin
  2394 | D:4      | Noticed Duvessa
  2446 | D:4      | Reached XP level 5. HP: 31/31 MP: 7/11
  2480 | D:4      | Noticed a phantom
  2557 | D:4      | Got Sif Muna's Cyclopedia of Invitation and the Tropics
  2970 | D:4      | Noticed Grinder
  3025 | D:5      | Noticed a black bear
  3041 | D:5      | Killed a black bear
  3042 | D:5      | Reached XP level 6. HP: 31/36 MP: 9/13
  3063 | D:5      | Learned a level 3 spell: Mephitic Cloud
  3173 | D:5      | Found Edumnilu's Armour Boutique.
  3357 | D:5      | Found Kurghass's Distillery.
  3752 | D:6      | Found a staircase to the Ecumenical Temple.
  3766 | D:6      | Reached XP level 7. HP: 20/40 MP: 14/16
  3771 | Temple   | Entered the Ecumenical Temple
  3804 | Temple   | Became a worshipper of Dithmenos the Shadowed
  3884 | D:6      | Reached skill level 5 in Spellcasting
  4009 | D:6      | Reached skill level 1 in Conjurations
  4055 | D:6      | Found a glowing drain.
  4063 | Sewer    | Entered a sewer
  4110 | Sewer    | Identified the +12 rapier of Larphy {heavy, rElec}
  4301 | D:6      | Reached XP level 8. HP: 33/45 MP: 8/19
  4450 | D:6      | Found a hazy altar of Hepliaklqana.
  4573 | D:4      | Reached skill level 5 in Air Magic
  4665 | D:4      | Killed Grinder
  4742 | D:4      | Killed Ijyb
  4747 | D:4      | Noticed Dowan
  4755 | D:4      | Killed Dowan
  4756 | D:4      | Reached skill level 3 in Dodging
  4780 | D:4      | Killed Duvessa
  4975 | D:3      | Reached * piety under Dithmenos
  4978 | D:3      | Reached skill level 4 in Dodging
  5189 | D:2      | Killed Sigmund
  5516 | D:7      | Reached skill level 5 in Dodging
  5550 | D:7      | Reached XP level 9. HP: 47/49 MP: 21/21
  5653 | D:7      | Found an opulent altar of Gozag.
  5685 | D:7      | Reached skill level 5 in Short Blades
  5728 | D:7      | Reached skill level 6 in Dodging
  6242 | D:8      | Reached skill level 7 in Dodging
  6307 | D:8      | Reached skill level 8 in Dodging
  6699 | D:8      | Found a huge runed translucent gate.
  6699 | D:8      | Noticed a polar bear
  6700 | D:8      | Found a huge runed translucent gate.
  6700 | D:8      | Found a huge runed translucent gate.
  6700 | D:8      | Found a huge runed translucent gate.
  6701 | D:8      | Noticed a polar bear
  6701 | D:8      | Noticed a polar bear
  6701 | D:8      | Noticed a polar bear
  6701 | D:8      | Noticed a polar bear
  6701 | D:8      | Noticed a polar bear
  6703 | D:8      | Noticed a polar bear
  7193 | D:8      | Noticed a polar bear
  7347 | D:9      | Noticed a two-headed ogre
  7359 | D:9      | Slain by a two-headed ogre

Illustrated notes

Levels and vault maps discovered:
D:1:      saegor_arrival_simple_b, layout_rooms,
          hellmonk_ecumenical_altar_pennies_from_heaven, minmay_circled_x
D:2:      layout_basic, serial_shops, nicolae_shop_crystal, basic_altar,
          uniq_sigmund
D:3:      layout_basic
D:4:      layout_basic, mainiacjoe_overflow_tiny_flanked, uniq_duvessa,
          uniq_ijyb, uniq_robin, uniq_grinder
D:5:      layout_basic, serial_shops, nicolae_diamond_shop,
          nicolae_shop_hallway_plus
D:6:      layout_rooms, nicolae_hepliaklqana_monster_ancestors,
          minmay_temple_entry_tees, gup_sewer_entry_bubbles
D:7:      layout_layer_cave, nicolae_gozag_cash_rules_everything_around_me
D:8:      lemuel_bear_cage, layout_basic
D:9:      layout_loops_cross, gammafunk_ghost_stat_death
Temple:   hellmonk_temple_of_storms

Skill      XL: |  1  2  3  4  5  6  7  8  9 |
---------------+----------------------------+-----
Spellcasting   | 1 2 3 4 6 7 |  7.2
Poison Magic   | 1 2 3 4 |  4.3
Air Magic      | 1 2 3 4 5 |  5.4
Conjurations   | 2 3 |  3.7
Short Blades   | 4 7 |  7.5
Dodging        | 5 8 |  8.7
Fighting       | |  2.4
Stealth        | |  6.7

Action                     |  1- 3 |  4- 6 |  7- 9 || total
---------------------------+-------+-------+-------++-------
  Melee: Rapier            |    59 |   129 |   181 ||   369
         Punch             |     1 |       |     4 ||     5
   Cast: Poisonous Vapours |       |     3 |    22 ||    25
         Mephitic Cloud    |       |       |    19 ||    19
  Evoke: Wand              |       |       |     9 ||     9
    Use: Scroll            |     4 |    11 |     7 ||    22
         Potion            |       |     2 |     3 ||     5
   Stab: Sleeping          |    20 |     6 |    16 ||    42
         Paralysed         |       |       |     4 ||     4
         Confused          |       |       |     6 ||     6
 Armour: Leather armour    |    16 |    25 |    46 ||    87
  Dodge: Dodged            |    18 |    83 |    90 ||   191
  Block: Other             |       |    14 |    29 ||    43
         Reflection        |       |       |     3 ||     3

Table legend: (Time is in decaauts)
 A = Elapsed time spent in this place.
 B = Non-inter-level travel time spent in this place.
 C = Inter-level travel time spent in this place.
 D = Time resting spent in this place.
 E = Time spent auto-exploring this place.
 F = Levels seen in this place.
 G = Mean time per level.
                   A        B        C        D        E       F      G
               +--------+--------+--------+--------+--------+-----+--------+
         Total |   7420 |   7047 |    373 |    732 |   4400 |  11 |  674.5 |
       Dungeon |   7292 |   6919 |    373 |    732 |   4393 |   9 |  810.2 |
        Temple |     43 |     43 |      0 |      0 |      0 |   1 |   43.0 |
         Sewer |     84 |     84 |      0 |      0 |      7 |   1 |   84.0 |
               +--------+--------+--------+--------+--------+-----+--------+

Top non-repeatable levels by time:
     D:4: 1431 daAuts
     D:8: 1076 daAuts
     D:3: 1019 daAuts
     D:5: 861 daAuts
     D:2: 855 daAuts
     D:7: 756 daAuts
     D:6: 741 daAuts
     D:1: 538 daAuts
   Sewer: 84 daAuts
  Temple: 43 daAuts
     D:9: 11 daAuts
